TOP OF THE 1ST |
Kalamazoo Royale with Cheese batting - Pitching for Toronto Titans : LHP Carlos Tavárez
|
Pitching: LHP Carlos Tavárez
|
|
Batting: RHB Fernando Martínez
|
0-0: Swinging Strike 0-1: Ball 1-1: Swinging Strike 1-2: Ball 2-2: Strikes out looking
|
Batting: LHB Robinson Fernández
|
0-0: Ball 1-0: Swinging Strike 1-1: Foul Ball, location: 2F 1-2: Ball 2-2: Foul Ball, location: 2F 2-2: Strikes out swinging
|
Batting: RHB Run-ming Zhu
|
0-0: Swinging Strike 0-1: Foul Ball, location: 2F 0-2: Foul Ball, location: 2F 0-2: Foul Ball, location: 2F 0-2: Ball 1-2: Foul Ball, location: 2F 1-2: Fly out, F4 (Popup, 4M)
|
Top of the 1st over - 0 run(s), 0 hit(s), 0 error(s), 0 left on base; Kalamazoo 0 - Toronto 0 |
BOTTOM OF THE 1ST |
Toronto Titans batting - Pitching for Kalamazoo Royale with Cheese : LHP Octávio Ramírez
|
Pitching: LHP Octávio Ramírez
|
|
Batting: SHB Ramón Lugo
|
0-0: Ball 1-0: Called Strike 1-1: Ball 2-1: Foul Ball, location: 2F 2-2: Ball 3-2: Foul Ball, location: 2F 3-2: Foul Ball, location: 2F 3-2: Fly out, F8 (Flyball, 8LM)
|
Batting: LHB Kent MacDulothe
|
0-0: Called Strike 0-1: Foul Ball, location: 2F 0-2: Foul Ball, location: 2F 0-2: Foul Ball, location: 2F 0-2: Foul Ball, location: 2F 0-2: Strikes out swinging
|
Batting: LHB José Rodríguez
|
0-0: Ball 1-0: Swinging Strike 1-1: Called Strike 1-2: Ground out 4-3 (Groundball, 34)
|
Bottom of the 1st over - 0 run(s), 0 hit(s), 0 error(s), 0 left on base; Kalamazoo 0 - Toronto 0 |
TOP OF THE 2ND |
Kalamazoo Royale with Cheese batting - Pitching for Toronto Titans : LHP Carlos Tavárez
|
Batting: RHB Juan Mendoza
|
0-0: Swinging Strike 0-1: Ball 1-1: Foul Ball, location: 2F 1-2: Strikes out swinging
|
Batting: RHB Juan Jose Guevana
|
0-0: Called Strike 0-1: Ball 1-1: Foul Ball, location: 2F 1-2: Ball 2-2: Ground out 6-3 (Groundball, 6)
|
Batting: LHB David Richardson
|
0-0: Ball 1-0: Ball 2-0: Ground out 6-3 (Groundball, 6M)
|
Top of the 2nd over - 0 run(s), 0 hit(s), 0 error(s), 0 left on base; Kalamazoo 0 - Toronto 0 |
BOTTOM OF THE 2ND |
Toronto Titans batting - Pitching for Kalamazoo Royale with Cheese : LHP Octávio Ramírez
|
Batting: LHB Roberto García
|
0-0: Foul Ball, location: 2F 0-1: Ball 1-1: Foul Ball, location: 2F 1-2: Foul Ball, location: 2F 1-2: Ground out U3 (Groundball, 3)
|
Batting: SHB Álex Rosado
|
0-0: Ball 1-0: Ball 2-0: Fly out, F7 (Flyball, 78D)
|
Batting: LHB Lewis Barr
|
0-0: Fly out, F7 (Flyball, 78S)
|
Bottom of the 2nd over - 0 run(s), 0 hit(s), 0 error(s), 0 left on base; Kalamazoo 0 - Toronto 0 |
TOP OF THE 3RD |
Kalamazoo Royale with Cheese batting - Pitching for Toronto Titans : LHP Carlos Tavárez
|
Batting: RHB Miguel Encarnación
|
0-0: Swinging Strike 0-1: Called Strike 0-2: Foul Ball, location: 2F 0-2: Strikes out swinging
|
Batting: LHB Roberto Sandoval
|
0-0: Ground out 3-1 (Groundball, 34)
|
Batting: RHB Jorge Márquez
|
0-0: Ball 1-0: Called Strike 1-1: Ground out 6-3 (Groundball, 6)
|
Top of the 3rd over - 0 run(s), 0 hit(s), 0 error(s), 0 left on base; Kalamazoo 0 - Toronto 0 |
BOTTOM OF THE 3RD |
Toronto Titans batting - Pitching for Kalamazoo Royale with Cheese : LHP Octávio Ramírez
|
Batting: SHB Juan Gómez
|
0-0: Foul Ball, location: 2F 0-1: Ball 1-1: SINGLE (Groundball, 34)
|
Batting: RHB Jim Tracy
|
0-0: Foul Ball, location: 2F 0-1: Ball 1-1: Ball 2-1: Swinging Strike 2-2: Ball 3-2: Base on Balls Juan Gómez to second
|
Batting: RHB Alberto Velásquez
|
0-0: Called Strike 0-1: Ball 1-1: Foul Ball, location: 2F 1-2: Strikes out swinging
|
Batting: SHB Ramón Lugo
|
0-0: Called Strike 0-1: Called Strike 0-2: Foul Ball, location: 2F 0-2: Foul Ball, location: 2F 0-2: Ball 1-2: Strikes out looking
|
Batting: LHB Kent MacDulothe
|
0-0: SINGLE (Line Drive, 34) Juan Gómez to third Jim Tracy to second
|
Batting: LHB José Rodríguez
|
0-0: Called Strike 0-1: Ball 1-1: Swinging Strike 1-2: Ball 2-2: Ball 3-2: Base on Balls Juan Gómez scores Jim Tracy to third Kent MacDulothe to second
|
Batting: LHB Roberto García
|
0-0: Foul Ball, location: 2F 0-1: Called Strike 0-2: Ball 1-2: DOUBLE (Line Drive, 5D) Jim Tracy scores Kent MacDulothe scores José Rodríguez to third
|
Batting: SHB Álex Rosado
|
0-0: Swinging Strike 0-1: Ball 1-1: Called Strike 1-2: Strikes out looking
|
Bottom of the 3rd over - 3 run(s), 3 hit(s), 0 error(s), 2 left on base; Kalamazoo 0 - Toronto 3 |
TOP OF THE 4TH |
Kalamazoo Royale with Cheese batting - Pitching for Toronto Titans : LHP Carlos Tavárez
|
Batting: RHB Fernando Martínez
|
0-0: Foul Ball, location: 2F 0-1: Called Strike 0-2: Ball 1-2: SINGLE (Groundball, 5L)
|
Batting: LHB Robinson Fernández
|
0-0: Ball 1-0: Called Strike 1-1: Called Strike 1-2: Grounds into double play, 6-4-3 (Groundball, 6)
|
Batting: RHB Run-ming Zhu
|
0-0: Ball 1-0: Ball 2-0: Ball 3-0: Called Strike 3-1: Hit by Pitch
|
Batting: RHB Juan Mendoza
|
0-0: Foul Ball, location: 2F 0-1: Swinging Strike 0-2: Fly out, F8 (Line Drive, 8LM)
|
Top of the 4th over - 0 run(s), 1 hit(s), 0 error(s), 1 left on base; Kalamazoo 0 - Toronto 3 |
BOTTOM OF THE 4TH |
Toronto Titans batting - Pitching for Kalamazoo Royale with Cheese : LHP Octávio Ramírez
|
Batting: LHB Lewis Barr
|
0-0: Ball 1-0: Foul Ball, location: 2F 1-1: Ground out 6-3 (Groundball, 6M)
|
Batting: SHB Juan Gómez
|
0-0: Ball 1-0: Called Strike 1-1: Foul Ball, location: 2F 1-2: Strikes out looking
|
Batting: RHB Jim Tracy
|
0-0: Called Strike 0-1: Ball 1-1: Foul Ball, location: 2F 1-2: Foul Ball, location: 2F 1-2: Ball 2-2: Ground out 6-3 (Groundball, 6)
|
Bottom of the 4th over - 0 run(s), 0 hit(s), 0 error(s), 0 left on base; Kalamazoo 0 - Toronto 3 |
TOP OF THE 5TH |
Kalamazoo Royale with Cheese batting - Pitching for Toronto Titans : LHP Carlos Tavárez
|
Batting: RHB Juan Jose Guevana
|
0-0: DOUBLE (Flyball, 89D)
|
Batting: LHB David Richardson
|
0-0: Foul Ball, location: 2F 0-1: Called Strike 0-2: Ball 1-2: Foul Ball, location: 2F 1-2: Ball 2-2: Foul Ball, location: 2F 2-2: Ball 3-2: Reached on error, E4 (Groundball, 4) Juan Jose Guevana scores
|
Batting: RHB Miguel Encarnación
|
0-0: Ball 1-0: Swinging Strike 1-1: Swinging Strike 1-2: Ball 2-2: Strikes out swinging
|
Batting: LHB Roberto Sandoval
|
0-0: Ground out 5-3 (Groundball, 56S) David Richardson to third
|
Batting: RHB Jorge Márquez
|
0-0: Ground out 6-3 (Groundball, 6)
|
Top of the 5th over - 1 run(s), 1 hit(s), 1 error(s), 1 left on base; Kalamazoo 1 - Toronto 3 |
BOTTOM OF THE 5TH |
Toronto Titans batting - Pitching for Kalamazoo Royale with Cheese : LHP Octávio Ramírez
|
Batting: RHB Alberto Velásquez
|
0-0: Swinging Strike 0-1: Foul Ball, location: 2F 0-2: Strikes out looking
|
Batting: SHB Ramón Lugo
|
0-0: SINGLE (Groundball, 34D) (infield hit)
|
Batting: LHB Kent MacDulothe
|
0-0: Foul Ball, location: 2F 0-1: Fly out, F8 (Line Drive, 8RD)
|
Batting: LHB José Rodríguez
|
0-0: Called Strike 0-1: Ball 1-1: Ball 2-1: Swinging Strike 2-2: Strikes out swinging
|
Bottom of the 5th over - 0 run(s), 1 hit(s), 0 error(s), 1 left on base; Kalamazoo 1 - Toronto 3 |
TOP OF THE 6TH |
Kalamazoo Royale with Cheese batting - Pitching for Toronto Titans : LHP Carlos Tavárez
|
Batting: RHB Fernando Martínez
|
0-0: Called Strike 0-1: Swinging Strike 0-2: Ball 1-2: Ball 2-2: Strikes out swinging
|
Batting: LHB Robinson Fernández
|
0-0: Called Strike 0-1: Ball 1-1: SINGLE (Groundball, 34D)
|
Batting: RHB Run-ming Zhu
|
0-0: Ball 1-0: Ball 2-0: Ball 3-0: Called Strike 3-1: Foul Ball, location: 2F 3-2: Grounds into double play, 5-4-3 (Groundball, 56)
|
Top of the 6th over - 0 run(s), 1 hit(s), 0 error(s), 0 left on base; Kalamazoo 1 - Toronto 3 |
BOTTOM OF THE 6TH |
Toronto Titans batting - Pitching for Kalamazoo Royale with Cheese : LHP Octávio Ramírez
|
Batting: LHB Roberto García
|
0-0: Ground out 6-3 (Groundball, 6M)
|
Batting: SHB Álex Rosado
|
0-0: Ball 1-0: Ball 2-0: Fly out, F9 (Flyball, 9S)
|
Batting: LHB Lewis Barr
|
0-0: Called Strike 0-1: Foul Ball, location: 2F 0-2: Ground out 6-3 (Groundball, 6M)
|
Bottom of the 6th over - 0 run(s), 0 hit(s), 0 error(s), 0 left on base; Kalamazoo 1 - Toronto 3 |
TOP OF THE 7TH |
Kalamazoo Royale with Cheese batting - Pitching for Toronto Titans : LHP Carlos Tavárez
|
Batting: RHB Juan Mendoza
|
0-0: Called Strike 0-1: Foul Ball, location: 2F 0-2: SINGLE (Line Drive, 7LS)
|
Batting: RHB Juan Jose Guevana
|
0-0: Foul Ball, location: 2F 0-1: Swinging Strike 0-2: Foul Ball, location: 2F 0-2: Ball 1-2: Grounds into double play, 5-4-3 (Groundball, 5L)
|
Batting: LHB David Richardson
|
0-0: Foul Ball, location: 2F 0-1: Foul Ball, location: 2F 0-2: Foul Ball, location: 2F 0-2: Ball 1-2: Ground out 4-3 (Groundball, 4)
|
Top of the 7th over - 0 run(s), 1 hit(s), 0 error(s), 0 left on base; Kalamazoo 1 - Toronto 3 |
BOTTOM OF THE 7TH |
Toronto Titans batting - Pitching for Kalamazoo Royale with Cheese : LHP Octávio Ramírez
|
Batting: SHB Juan Gómez
|
0-0: Ground out 4-3 (Groundball, 4)
|
Batting: RHB Jim Tracy
|
0-0: Fly out, F8 (Flyball, 8RD)
|
Batting: RHB Alberto Velásquez
|
0-0: Ball 1-0: Ball 2-0: Ball 3-0: Called Strike 3-1: Bunt for hit - play at first, batter OUT! 1-3
|
Bottom of the 7th over - 0 run(s), 0 hit(s), 0 error(s), 0 left on base; Kalamazoo 1 - Toronto 3 |
TOP OF THE 8TH |
Kalamazoo Royale with Cheese batting - Pitching for Toronto Titans : LHP Carlos Tavárez
|
Batting: RHB Miguel Encarnación
|
0-0: Ball 1-0: Foul Ball, location: 2F 1-1: Ball 2-1: Ball 3-1: Swinging Strike 3-2: Strikes out looking
|
Batting: LHB Roberto Sandoval
|
0-0: Ball 1-0: Called Strike 1-1: Ball 2-1: Ball 3-1: Foul Ball, location: 2F 3-2: Foul Ball, location: 2F 3-2: Base on Balls
|
Pitching: RHP Pablo Cabral
|
|
Batting: RHB Jorge Márquez
|
0-0: Ball 1-0: Ball 2-0: Foul Ball, location: 2F 2-1: Ground out 5-3 (Groundball, 56S) Roberto Sandoval to second
|
Batting: RHB Fernando Martínez
|
0-0: Ball 1-0: Foul Ball, location: 2F 1-1: Foul Ball, location: 2F 1-2: Ground out 6-3 (Groundball, 6S)
|
Top of the 8th over - 0 run(s), 0 hit(s), 0 error(s), 1 left on base; Kalamazoo 1 - Toronto 3 |
BOTTOM OF THE 8TH |
Toronto Titans batting - Pitching for Kalamazoo Royale with Cheese : LHP Octávio Ramírez
|
Pitching: RHP Michael Carr
|
|
Batting: SHB Ramón Lugo
|
0-0: Ball 1-0: Called Strike 1-1: Foul Ball, location: 2F 1-2: Ball 2-2: Ball 3-2: Ground out 6-3 (Groundball, 6M)
|
Batting: LHB Kent MacDulothe
|
0-0: Called Strike 0-1: Foul Ball, location: 2F 0-2: Strikes out swinging
|
Batting: LHB José Rodríguez
|
0-0: Called Strike 0-1: Foul Ball, location: 2F 0-2: Ball 1-2: Ball 2-2: Fly out, F7 (Flyball, 7M)
|
Bottom of the 8th over - 0 run(s), 0 hit(s), 0 error(s), 0 left on base; Kalamazoo 1 - Toronto 3 |
TOP OF THE 9TH |
Kalamazoo Royale with Cheese batting - Pitching for Toronto Titans : RHP Pablo Cabral
|
Pitching: LHP Braydon Schute
|
|
Batting: LHB Robinson Fernández
|
0-0: Ball 1-0: Ball 2-0: Foul Ball, location: 2F 2-1: Ball 3-1: Swinging Strike 3-2: Foul Ball, location: 2F 3-2: Strikes out looking
|
Batting: RHB Run-ming Zhu
|
0-0: Called Strike 0-1: Foul Ball, location: 2F 0-2: Strikes out looking
|
Batting: RHB Juan Mendoza
|
0-0: Called Strike 0-1: Ball 1-1: Foul Ball, location: 2F 1-2: Ball 2-2: Strikes out swinging
|
Top of the 9th over - 0 run(s), 0 hit(s), 0 error(s), 0 left on base; Kalamazoo 1 - Toronto 3 |
|